 Dungeon Crawl Stone Soup version 0.29.1-13-g9f3cf754e1 (webtiles) character file.

Game seed: 15103385944536229197

4 Priul the Conjurer (level 1, -3/10 HPs)
             Began as a Deep Elf Conjurer on Feb 2, 2023.
             Frozen to death by an endoplasm (5 damage)
             ... on level 1 of the Dungeon.
             The game lasted 00:01:25 (130 turns).

Priul the Conjurer (Deep Elf Conjurer)               Turns: 130, Time: 00:01:26

Health: -3/10      AC:  2    Str:  4    XL:     1   Next: 58%
Magic:  0/6        EV: 12    Int: 22    God:
Gold:   12         SH:  0    Dex: 13    Spells: 5/6 levels left

rFire   . . .      SeeInvis .   (no weapon)
rCold   . . .      Faith    .   (no shield)
rNeg    . . .      Spirit   .   a - +0 robe
rPois   .          Reflect  .   (no helmet)
rElec   .          Harm     .   (no cloak)
rCorr   .          Rampage  .   (no gloves)
Will    .....                   (no boots)
Stlth   ++........              (no amulet)
HPRegen 0.03/turn               (no ring)
MPRegen 0.10/turn               (no ring)

@: no status effects
A: no striking features
a: no special abilities


You were on level 1 of the Dungeon.
You visited 1 branch of the dungeon, and saw 1 of its levels.

You collected 12 gold pieces.

Inventory:

Armour
 a - a +0 robe (worn)
Scrolls
 c - a scroll of summoning {unknown}
 d - a scroll of teleportation {unknown}
Potions
 b - a potion of magic


   Skills:
 + Level 2.5 Dodging
 + Level 2.4 Stealth
 + Level 3.1 Spellcasting
 + Level 4.6 Conjurations


You had 5 spell levels left.
You knew the following spells:

 Your Spells              Type           Power      Damage    Failure   Level
a - Magic Dart            Conj           92%        1d7       1%          1

Your spell library contained the following spells:

 Spells                   Type           Power      Damage    Failure   Level
 Searing Ray              Conj           46%        2d6       2%          2
 Dazzling Flash           Conj/Hex       26%        N/A       14%         3
 Fulminant Prism          Conj/Hex       6%         3d7       43%         4
 Iskenderun's Mystic Bla  Conj/Tloc      13%        2d5       43%         4


Dungeon Overview and Level Annotations

Branches:
Dungeon (1/15)

Altars:


Message History

Confirm with . or Enter, or press ? or * to list all spells.
You don't know that spell.
Unknown command.
Casting: Magic Dart (safe; 1% risk of failure)
Confirm with . or Enter, or press ? or * to list all spells.
Aiming: Magic Dart (safe; 1% risk of failure)
Press: ? - help, Shift-Dir - straight line, f - endoplasm
Aim: an endoplasm (100% to hit)
The magic dart hits the endoplasm.
The endoplasm is almost dead.
The endoplasm jiggles.
You see here a +0 leather armour.
The endoplasm attacks as you move away! The endoplasm hits you.
The endoplasm freezes you.
You are frozen.
Casting: Magic Dart (safe; 1% risk of failure)
Confirm with . or Enter, or press ? or * to list all spells.
Aiming: Magic Dart (safe; 1% risk of failure)
Press: ? - help, Shift-Dir - straight line, f/p - endoplasm
Aim: an endoplasm (severely wounded, 100% to hit)
The magic dart hits the endoplasm but does no damage.
The endoplasm is severely wounded.
The endoplasm misses you. The endoplasm closely misses you.
The endoplasm attacks as you move away! The endoplasm barely misses you.
The endoplasm freezes you.
You are frozen.
* * * LOW HITPOINT WARNING * * *
You barely miss the endoplasm.
The endoplasm is severely wounded.
The endoplasm barely misses you.
You hit the endoplasm but do no damage.
The endoplasm is severely wounded.
The endoplasm hits you but does no damage.
You hit the endoplasm but do no damage.
The endoplasm is severely wounded.
The endoplasm freezes you.
You are frozen.
Ouch! That really hurt!
You die...

#.....#..~..#...).#
#8..~....~....~..8#
##...~..~~~..~...##
#.....~~~~~~~.....##
....~~~~...~~~~....#
..~~~~~..<..~~~~~..#
....~~~~...~~~~....#
#.....~~~~~~~...J.##
##...~..~~~..~..@##
#8..~....~....~..8#
#.....#..~..#.[...##
....####...####....#
..#######.## ###..#
..........# ####
###########


You could see an endoplasm.

Vanquished Creatures
  A quokka (D:1)
  2 ball pythons (D:1)
  A goblin (D:1)
  2 kobolds (D:1)
6 creatures vanquished.

Notes
Turn   | Place    | Note
-------+----------+-------------------------------------------
     0 | D:1      | Priul the Deep Elf Conjurer began the quest for the Orb.
     0 | D:1      | Reached XP level 1. HP: 10/10 MP: 6/6
   130 | D:1      | Frozen to death by an endoplasm

Illustrated notes

Levels and vault maps discovered:
D:1:      eino_arrival_water_star, layout_rooms, minmay_octomino_e4

Action                   || total
-------------------------++-------
Melee: Unarmed           ||     3
 Cast: Magic Dart        ||    12
Armor: Robe              ||     1
Dodge: Dodged            ||     5
